 Dungeon Crawl Stone Soup version 0.29.1-1-gd02db6906a (webtiles) character file.

Game seed: 6926189223333697408

45742 Rediskos the Severer (level 14, 0/135 HPs)
             Began as a Hill Orc Fighter on Oct 8, 2022.
             Was an Elder of Qazlal.
             Slain by a death yak (1 damage)
             ... while petrified by a basilisk
             ... on level 5 of the Lair of Beasts.
             The game lasted 01:06:09 (26200 turns).

Rediskos the Severer (Hill Orc Fighter)            Turns: 26200, Time: 01:06:09

Health: 0/135      AC: 22    Str: 22    XL:     14   Next: 34%
Magic:  0/19       EV:  2    Int:  8    God:    Qazlal [****..]
Gold:   2760       SH:  0    Dex: 12    Spells: 13/13 levels left

rFire   + . .      SeeInvis .   a - +3 war axe
rCold   . . .      Faith    .   c - +0 buckler
rNeg    + + +      Spirit   +   F - +0 swamp dragon scales rPois āˆž Reflect .
                                Z - +2 helmet
rElec   .          Harm     .   v - scarf {shadows}
rCorr   .          Rampage  .   f - +0 pair of gloves
Will    +....                   K - +1 pair of boots {Fly}
Stlth   +.........              H - amulet of guardian spirit
HPRegen 0.32/turn               u - +4 ring of protection
MPRegen 0.16/turn               z - ring of protection from fire

@: petrified, flying, repel missiles
A: no striking features
a: Renounce Religion, Upheaval, Elemental Force


You were on level 5 of the Lair of Beasts.
You worshipped Qazlal.
Qazlal was greatly pleased with you.
You visited 3 branches of the dungeon, and saw 18 of its levels.
You also visited: Gauntlet.

You collected 2796 gold pieces.
You spent 36 gold pieces at shops.

Inventory:

Hand Weapons
 a - a +3 war axe (weapon)
 d - the +11 morningstar of Pyromania {antimagic, rElec rF+ rC- rN+ Dex+3}
   (You took it off a minotaur in a Gauntlet)

   It reduces the magical energy of the wielder, and disrupts the spells and
   magical abilities of those it strikes.
   Natural abilities and divine invocations are not affected.
   Dex:       It affects your dexterity (+3).
   rF:        It protects you from fire.
   rC:        It makes you vulnerable to cold.
   rElec:     It insulates you from electricity.
   rN:        It protects you from negative energy.
Missiles
 b - 5 curare-tipped darts
 g - 6 atropa-tipped darts
 A - 4 throwing nets (quivered)
Armour
 c - a +0 buckler (worn)
 f - a +0 pair of gloves (worn)
 v - a scarf of shadows (worn)
 F - +0 swamp dragon scales (worn)
 K - a +1 pair of boots of flying (worn)
 Z - a +2 helmet (worn)
Jewellery
 p - a ring of resist corrosion
 u - a +4 ring of protection (left hand)
 y - a +6 ring of dexterity
 z - a ring of protection from fire (right hand)
 G - a ring of flight
 H - an amulet of guardian spirit (around neck)
 X - a ring of protection from fire
 Y - a ring of protection from fire
Wands
 e - a wand of paralysis (3)
 n - a wand of polymorph (7)
 o - a wand of light (1)
 s - a wand of mindburst (67)
 M - a wand of digging (4)
 N - a wand of iceblast (21)
Scrolls
 q - a scroll of brand weapon {unknown}
 t - 3 scrolls of fog
 L - 2 scrolls of noise
 P - 2 scrolls of immolation
 Q - 2 scrolls of blinking
 R - 2 scrolls of poison
 S - 3 scrolls of teleportation
 T - 2 scrolls of amnesia
 U - a scroll of summoning
Potions
 h - 3 potions of attraction
 i - 2 potions of berserk rage
 j - a potion of cancellation {unknown}
 k - a potion of haste
 l - 5 potions of mutation
 m - 2 potions of curing
 r - a potion of invisibility
 w - 2 potions of heal wounds
 x - 4 potions of degeneration
 B - 4 potions of flight
 C - 3 potions of brilliance
 D - a potion of resistance
 E - 2 potions of ambrosia
 I - 2 potions of magic
 J - 2 potions of might
 V - 2 potions of lignification
Miscellaneous
 O - a box of beasts
 W - a box of beasts


   Skills:
 + Level 15.0 Fighting
 - Level 16.0 Axes
 + Level 0.6(8.7) Maces & Flails
 - Level 12.0 Armour
 - Level 5.0 Dodging
 + Level 12.0 Shields
 + Level 7.1 Invocations
 - Level 5.0 Evocations


You had 13 spell levels left.
You didn't know any spells.
Your spell library contained the following spells:

 Spells                   Type           Power      Damage    Failure   Level
 Necrotise                Necr           0%         1d4       58%         1
 Poisonous Vapours        Pois/Air       0%         N/A       73%         2
 Confusing Touch          Hex            0%         N/A       91%         3
 Gell's Gravitas          Tloc           0%         N/A       91%         3
 Teleport Other           Tloc           0%         N/A       91%         3
 Vampiric Draining        Necr           0%         2d6       91%         3
 Cause Fear               Hex            0%         N/A       100%        4
 Corpse Rot               Necr/Pois/Air  0%         N/A       100%        4
 Agony                    Necr           0%         N/A       100%        5
 Yara's Violent Unravell  Hex/Tmut       0%         3d3       100%        5
 Dispersal                Tloc           0%         N/A       100%        6
 Dragon Form              Tmut           0%         N/A       100%        7
 Enfeeble                 Hex            0%         N/A       100%        7
 Dragon's Call            Summ           0%         N/A       100%        9


Dungeon Overview and Level Annotations

Branches:
Dungeon (12/15)            Temple (1/1) D:5            Lair (5/5) D:10
 Shoals (0/4) Lair:3        Snake (0/4) Lair:2        Slime (0/5) Lair:5
    Orc (0/2) D:10        Gauntlet (visited)

Altars:
Ashenzari
Cheibriados
Dithmenos
Elyvilon
Fedhas
Gozag
Hepliaklqana
Kikubaaqudgha
Makhleb
Nemelex Xobeh
Okawaru
Qazlal
Ru
Sif Muna
Trog
Uskayaw
Vehumet
Wu Jian
Xom
Yredelemnul
Zin
The Shining One

Shops:
D:2 !?(((


Message History

The dire elephant zombie tramples you.
You are shoved backwards!
Your surroundings suddenly seem different.
A death yak comes into view.
The death yak bellows!
The basilisk hisses angrily.
The death yak bellows!
The komodo dragon hisses angrily.
You hear a bellow!
You hear an angry hiss. x2
The death yak gores you but does no damage.
The death yak is engulfed in blazing flames.
The death yak gores you!
* * * LOW HITPOINT WARNING * * *
The komodo dragon bites you but does no damage.
The death yak gores you!!
* * * LOW HITPOINT WARNING * * *
The death yak gores you!
* * * LOW HITPOINT WARNING * * *
The death yak barely misses you. The komodo dragon bites you.
The eight-headed hydra is engulfed in blazing flames.
A komodo dragon comes into view.
The death yak gores you!
* * * LOW HITPOINT WARNING * * *
The death yak is engulfed in blazing flames.
The death yak gores you.
* * * LOW HITPOINT WARNING * * *
The death yak gores you.
* * * LOW HITPOINT WARNING * * *
The komodo dragon bites you but does no damage.
The eight-headed hydra is engulfed in blazing flames.
The eight-headed hydra is engulfed in blazing flames.
The death yak gores you.
The death yak is engulfed in blazing flames.
The death yak gores you but does no damage.
The death yak gores you!
* * * LOW HITPOINT WARNING * * *
The komodo dragon bites you!
* * * LOW HITPOINT WARNING * * *
The eight-headed hydra is engulfed in blazing flames.
The komodo dragon bites you!!
* * * LOW HITPOINT WARNING * * *
The death yak gores you but does no damage.
The death yak gores you.
You die...

*,,****,**,,* #### *,,,*,,,,.#.*
##..# *** ,,,,,,,,,...#####...#
**(.
,,,,,,,,,....#PP....#######*##...
,,,,,,,,,...........#.....##.....
*,,,**,,,...................#....
,,*,*****.......āˆ©ā€
#.####.#....... ,****
**,......lā—‹..## *,Y#..#....
,******,,.....#l@### ####Y.Y.....
,**,,,,,,...#*#YYY# ##P.#Yll.....
,,**,,,,,..,*,#DD####....D..#....
,,***,,,,.,,,,#YYY#......S...#...
,,,**,,,,.......l.D.Y.#.D...#..#*
,,,**,,,,............#.........##
,,,,**,,*.#.........###P.........
,*,**,,,,*#.........#.PPP....#...
,,**,,^,,#.............PYYY......


You could see 6 death yaks, an eight-headed hydra, a seven-headed hydra, 2
komodo dragons and a basilisk.

Vanquished Creatures
  Kirke (Lair:4)
  The ghost of decrepitue the Nimble, a journeyman MfFi of Okawaru (Lair:4)
  A minotaur (Gauntlet)
  A green death (Gauntlet)
  3 hydras
  2 two-headed ogres
  3 death yaks (Gauntlet)
  Lodul (D:10)
  An oklob plant (Gauntlet)
  2 cyclopes (D:11)
  A manticore (Lair:3)
  19 elephants
  4 black mambas
  10 cane toads
  Maggie (D:8)
  3 unseen horrors
  Psyche (D:8)
  9 komodo dragons
  3 trolls
  2 polar bears (Lair:1)
  3 hornets
  A wind drake (Lair:3)
  10 blink frogs
  5 slime creatures (D:11)
  6 dream sheep (Lair:3)
  2 shadows
  6 wyverns
  Eustachio (D:5)
  2 wraiths (D:11)
  2 basilisks (Lair:3)
  45 yaks
  3 hogs (Lair:4)
  3 acid dragons
  7 water moccasins
  3 black bears
  5 orc warriors
  2 sky beasts
  An ice beast (D:7)
  14 ogres
  A centaur (D:9)
  6 wolves (Lair:4)
  3 phantoms
  7 kobold brigands
  11 bullfrogs
  5 gnoll sergeants
  A necrophage (D:6)
  4 wights (D:7)
  4 killer bees (D:8)
  3 electric eels
  3 jellies
  An orc priest (D:7)
  2 gnoll boudas
  2 hounds (D:5)
  6 iguanas
  Jessica (D:2)
  10 orc wizards
  22 gnolls
  13 adders
  A shadow imp (D:6)
  2 white imps
  2 ufetubi
  2 worms (D:3)
  2 dart slugs
  28 orcs
  4 ball pythons
  9 endoplasms
  3 giant cockroaches (D:1)
  5 goblins
  7 hobgoblins
  5 jackals (D:3)
  6 quokkas
  3 bats
  4 frilled lizards
  17 kobolds
  10 rats
  2 butterflies (D:7)
407 creatures vanquished.

Vanquished Creatures (others)
  A human (Lair:4)
  3 bushes (Lair:3)
  25 demonic plants (Gauntlet)
  38 fungi
  110 plants
177 creatures vanquished.

Grand Total: 584 creatures vanquished

Notes
Turn   | Place    | Note
-------+----------+-------------------------------------------
     0 | D:1      | Rediskos the Hill Orc Fighter began the quest for the Orb.
     0 | D:1      | Reached XP level 1. HP: 19/19 MP: 1/1
   106 | D:1      | Reached skill level 3 in Axes
   107 | D:1      | Reached XP level 2. HP: 27/27 MP: 2/2
   419 | D:1      | Reached XP level 3. HP: 33/33 MP: 3/3
   717 | D:2      | Found Noirosk's Distillery.
   722 | D:2      | Bought a potion of curing for 36 gold pieces
  1068 | D:2      | Reached skill level 4 in Axes
  1432 | D:1      | Reached XP level 4. HP: 23/40 MP: 4/4
  1671 | D:2      | Found a hide-covered altar of Uskayaw.
  1690 | D:2      | Found Ofutyiwe's Antique Weapon Shoppe.
  1741 | D:2      | Found Cusysk's Weapon Shop.
  1876 | D:2      | Found Morru's Weapon Shoppe.
  2045 | D:2      | Found Xiuq's Magic Scroll Emporium.
  2101 | D:2      | Noticed Jessica
  2124 | D:2      | Killed Jessica
  2249 | D:2      | Reached XP level 5. HP: 47/47 MP: 5/5
  2698 | D:3      | Reached skill level 5 in Axes
  2999 | D:3      | Found a faded altar of an unknown god.
  3032 | D:3      | Reached skill level 5 in Shields
  3788 | D:4      | Found an ancient bone altar of Kikubaaqudgha.
  3954 | D:4      | Reached XP level 6. HP: 53/55 MP: 6/6
  4001 | D:4      | Found a stormy altar of Qazlal.
  4016 | D:4      | Became a worshipper of Qazlal Stormbringer
  4260 | D:4      | Reached skill level 5 in Fighting
  4393 | D:3      | Reached skill level 6 in Axes
  5113 | D:5      | Entered Level 5 of the Dungeon
  5119 | D:5      | Reached XP level 7. HP: 56/61 MP: 7/7
  5195 | D:5      | Reached skill level 7 in Axes
  5270 | D:5      | Found a staircase to the Ecumenical Temple.
  5460 | D:5      | Noticed Eustachio
  5494 | D:5      | Killed Eustachio
  5495 | D:5      | Reached skill level 8 in Axes
  5495 | D:5      | Reached XP level 8. HP: 63/70 MP: 8/8
  5554 | D:5      | Found a shadowy altar of Dithmenos.
  5707 | D:5      | Reached * piety under Qazlal
  5708 | D:5      | Reached skill level 5 in Armour
  6922 | Temple   | Entered the Ecumenical Temple
  7420 | D:6      | Reached skill level 9 in Axes
  8338 | D:7      | Reached skill level 10 in Axes
  8795 | D:7      | Reached XP level 9. HP: 81/81 MP: 9/9
  8805 | D:7      | Reached skill level 11 in Axes
  8826 | D:7      | Reached skill level 1 in Invocations
  9104 | D:7      | Noticed a two-headed ogre
  9797 | D:8      | Identified a scroll of acquirement
  9797 | D:8      | Acquired 859 gold pieces
 10177 | D:8      | Noticed Maggie
 10189 | D:8      | Killed Maggie
 10190 | D:8      | Reached skill level 12 in Axes
 10293 | D:8      | Found an ornate altar of the Wu Jian Council.
 10806 | D:8      | Reached skill level 13 in Axes
 10806 | D:8      | Reached XP level 10. HP: 88/91 MP: 13/13
 10819 | D:8      | Found a bloodstained altar of Trog.
 10851 | D:8      | Reached skill level 5 in Invocations
 10916 | D:8      | Paralysed by a hornet for 1 turns
 10993 | D:8      | Noticed Psyche
 11008 | D:8      | Killed Psyche
 11107 | D:8      | Found a white marble altar of Elyvilon.
 11608 | D:9      | Reached ** piety under Qazlal
 12380 | D:9      | Found an iron altar of Okawaru.
 12805 | D:10     | Entered Level 10 of the Dungeon
 12816 | D:10     | You fall into a shaft and drop 2 floors!
 12819 | D:12     | Noticed a two-headed ogre
 12839 | D:12     | Noticed a kobold demonologist
 12862 | D:12     | Killed an unseen horror
 13226 | D:11     | Reached skill level 14 in Axes
 13226 | D:11     | Reached skill level 1 in Dodging
 13294 | D:11     | Noticed a cyclops
 13302 | D:11     | Killed a cyclops
 13303 | D:11     | Reached skill level 10 in Fighting
 14082 | D:11     | Noticed a cyclops
 14092 | D:11     | Killed a cyclops
 14238 | D:11     | Reached XP level 11. HP: 32/101 MP: 15/15
 14246 | D:11     | HP: 4/101 [slime creature (14)]
 14658 | D:11     | Reached skill level 15 in Axes
 14823 | D:11     | Identified the +7 rapier of Bread {drain, rN++ Int+5 Dex+2}
 14867 | D:11     | Found a blossoming altar of Fedhas.
 15175 | D:10     | Noticed a two-headed ogre
 15184 | D:10     | Found a staircase to the Lair.
 16405 | D:10     | Noticed Lodul
 16481 | D:10     | Killed Lodul
 16519 | D:10     | Reached skill level 16 in Axes
 16613 | D:10     | Killed a two-headed ogre
 16926 | D:10     | Reached XP level 12. HP: 98/110 MP: 16/16
 17231 | D:10     | Reached *** piety under Qazlal
 17237 | D:10     | Found a staircase to the Orcish Mines.
 17347 | D:10     | Found a sparkling altar of Nemelex Xobeh.
 17532 | D:10     | Found a glowing golden altar of the Shining One.
 17699 | D:7      | Killed a two-headed ogre
 17895 | D:7      | Found a shimmering altar of Xom.
 18429 | Lair:1   | Entered Level 1 of the Lair of Beasts
 18959 | Lair:1   | Reached skill level 5 in Dodging
 19727 | Lair:2   | Noticed a six-headed hydra
 19748 | Lair:2   | Killed a six-headed hydra
 20188 | Lair:2   | Reached XP level 13. HP: 82/119 MP: 13/18
 20441 | Lair:2   | Identified the +7 sling of Juxkoadouci {vorpal, rF- rCorr
                  | Int-2 SInv}
 20452 | Lair:2   | Found a staircase to the Snake Pit.
 20953 | Lair:3   | Reached skill level 10 in Armour
 20955 | Lair:3   | Found a staircase to the Shoals.
 20974 | Lair:3   | Reached skill level 10 in Shields
 21126 | Lair:3   | Reached skill level 1 in Evocations
 21562 | Lair:3   | Acquired 746 gold pieces
 22091 | Lair:3   | Reached **** piety under Qazlal
 23091 | Lair:4   | Noticed Kirke
 23100 | Lair:4   | Killed Kirke
 23563 | Lair:4   | Reached XP level 14. HP: 133/133 MP: 17/19
 23600 | Lair:4   | Reached skill level 5 in Evocations
 23948 | Lair:4   | Found a runed translucent door.
 24172 | Lair:4   | Noticed decrepitue's ghost (journeyman MfFi)
 24213 | Lair:4   | Killed decrepitue's ghost
 24576 | Lair:5   | Entered Level 5 of the Lair of Beasts
 24598 | Lair:5   | Found a gate leading to a gauntlet.
 24607 | Gauntlet | Entered a Gauntlet
 24607 | Gauntlet | Found a transporter.
 24607 | Gauntlet | Found a transporter.
 24700 | Gauntlet | Found a transporter.
 24700 | Gauntlet | Found a transporter.
 24726 | Gauntlet | Found a transporter.
 24734 | Gauntlet | Found a transporter.
 24734 | Gauntlet | Found a transporter.
 24738 | Gauntlet | Found a transporter.
 24740 | Gauntlet | Noticed a quicksilver ooze
 24765 | Gauntlet | Found a transporter.
 24772 | Gauntlet | Found a transporter.
 24790 | Gauntlet | Found a transporter.
 24836 | Gauntlet | Found a transporter.
 24850 | Gauntlet | Found a transporter.
 24941 | Gauntlet | Found a transporter.
 24950 | Gauntlet | Found a transporter.
 24966 | Gauntlet | Found a transporter.
 25797 | Gauntlet | Identified the +11 morningstar of Pyromania {antimagic,
                  | rElec rF+ rC- rN+ Dex+3}
 25817 | Gauntlet | Reached skill level 15 in Fighting
 26200 | Lair:5   | HP: 1/135 [komodo dragon (11)]
 26200 | Lair:5   | Slain by a death yak

Illustrated notes

Levels and vault maps discovered:
D:1:      psy_arrival_statuary, layout_basic
D:2:      layout_basic, basic_altar, serial_shops, shop, shop_scrolls, shop,
          shop, nicolae_shop_hallway_plus, nicolae_grassy_gnolls, uniq_jessica
D:3:      layout_basic, hellmonk_ecumenical_altar_dog_temple
D:4:      layout_rooms, mainiacjoe_overflow_cross_hatched, lemuel_doored_altar,
          serial_co_window_serial, co_window_of_opportunity_a,
          co_window_of_opportunity_a, co_window_corner_a, co_window_corner_a,
          co_window_paths_a, co_window_unsneaky_path_c, co_window_corner_b,
          co_window_of_opportunity_c, co_window_corner_cb, co_window_broadway_a,
          st_stairs_3, minmay_misc_feat_iff
D:5:      layout_rooms, mainiacjoe_overflow_six_doors_small,
          minmay_temple_entry_tees, lexackson_kobold_supper, uniq_eustachio
D:6:      layout_loops_ring
D:7:      layout_cave_pods, xom_butterflies
D:8:      layout_layer_cave, lemuel_tele_altar, bloody_trog,
          nicolae_overflow_hidden_temple, uniq_maggie, uniq_psyche
D:9:      layout_gridville, okawaru_ov_weapons_minmay
D:10:     layout_cave_pools, tso_altar, nemelex_spade_bored_becter,
          minmay_lair_entry_grove, kennysheep_orc_monster_closet_entryway,
          nicolae_water_bricks, minmay_misc_feat_tiny, grunt_ogre_cave,
          uniq_lodul
D:11:     layout_stronghold, nicolae_kite_square_tiling_tiny, fedhas_altar_4
D:12:     layout_loops_cross
Temple:   chequers_temple_sunken
Lair:1:   layout_cave_pods
Lair:2:   layout_loops_ring, dummy_snake_entry, lemuel_fruit_fields,
          infiniplex_staircase_pool, lemuel_fruit_fields, serial_bayou_shore_a
Lair:3:   minmay_lair_venomous_thicket, layout_loops_ring,
          minmay_shoals_entry_beasts, lemuel_fruit_tree
Lair:4:   layout_regular_city, ebering_ghost_reflecting_pool, uniq_kirke
Lair:5:   due_jungle_book, layout_misc_corridors, slime_entry_1,
          gauntlet_entry_generic, minivault_11, minmay_lair_oklob_bushes

Skill      XL: |  1  2  3  4  5  6  7  8  9 10 11 12 13 14 |
---------------+-------------------------------------------+-----
Axes           | 3 4 5 6 8 10 13 14 16 | 16.0
Fighting       | 4 5 6 7 9 10 11 12 14 15 | 15.0
Shields        | 4 5 6 7 9 11 12 | 12.0
Armour         | 4 5 6 7 9 11 12 | 12.0
Invocations    | 4 5 7 |  7.1
Dodging        | 2 4 5 |  5.0
Evocations     | 4 5 |  5.0
Maces & Flails | |  0.6

Action                   |  1- 3 |  4- 6 |  7- 9 | 10-12 | 13-15 || total
-------------------------+-------+-------+-------+-------+-------++-------
Melee: War axe           |    71 |   214 |   302 |   557 |   463 ||  1607
       Morningstar       |       |       |       |       |    13 ||    13
Throw: Stone             |       |     1 |       |       |       ||     1
       Throwing net      |       |       |     4 |     2 |       ||     6
       Dart              |       |       |     5 |       |       ||     5
Invok: Upheaval          |       |       |       |    12 |     3 ||    15
  Use: Potion            |       |     2 |       |       |     1 ||     3
       Scroll            |       |       |    19 |    12 |     8 ||    39
 Stab: Held in net/web   |       |       |     3 |       |       ||     3
       Distracted        |       |       |       |       |     1 ||     1
Armor: Scale mail        |    36 |    19 |       |       |       ||    55
       Chain mail        |       |   103 |   204 |       |       ||   307
       Swamp dragon scal |       |       |     5 |   163 |   167 ||   335
Dodge: Dodged            |    30 |    80 |    94 |   247 |   199 ||   650
       Repelled          |       |       |       |       |     1 ||     1
Block: Buckler           |    23 |    66 |    92 |   252 |   257 ||   690
